 Seeded DCSS version 0.30.0-30-g96aa6591b8 (webtiles) character file.

Game seed: 11578099317584857746 (custom seed)

88 bmack86 the Shield-Bearer (level 4, -1/41 HPs)
             Began as a Minotaur Fighter on June 29, 2023.
             Killed by divine providence
             ... invoked by an orc priest
              (13 damage)
             ... on level 2 of the Dungeon.
             The game lasted 00:04:23 (1554 turns).

bmack86 the Shield-Bearer (Minotaur Fighter)        Turns: 1554, Time: 00:04:24

Health: -1/41      AC: 12    Str: 23    XL:     4   Next: 30%
Magic:  3/3        EV:  5    Int:  5    God:
Gold:   212        SH:  8    Dex:  9    Spells: 3/3 levels left

rFire   . . .        a - +0 war axe
rCold   . . .        p - +0 kite shield
rNeg    . . .        n - +0 plate armour
rPois   .            (helmet restricted)
rElec   .            (no cloak)
rCorr   .            (no gloves)
SInv    .            (no boots)
Will    .....        (no amulet) Stlth
                     (no ring)
HPRegen 0.26/turn    (no ring)
MPRegen 0.08/turn

%: no passive effects
@: no status effects
A: horns 2, retaliatory headbutt
a: no special abilities


You were on level 2 of the Dungeon.
You visited 1 branch of the dungeon, and saw 3 of its levels.

You collected 234 gold pieces.
You spent 22 gold pieces at shops.

Inventory:

Hand Weapons
 a - a +0 war axe (weapon)
Missiles
 l - 5 javelins (quivered)
Armour
 b - a +0 scale mail
 c - a +0 buckler
 n - a +0 plate armour (worn)
 p - a +0 kite shield (worn)
Jewellery
 f - a ring of wizardry
Scrolls
 j - a scroll of teleportation {unknown}
 k - a scroll of amnesia {unknown}
 m - a scroll of poison {unknown}
 q - a scroll of magic mapping {unknown}
 r - 4 scrolls of vulnerability {unknown}
 s - a scroll of enchant weapon {unknown}
Potions
 d - 2 potions of might
 e - a potion of mutation {unknown}
 g - 2 potions of heal wounds {unknown}
 h - a potion of curing
 i - 2 potions of haste {unknown}
 o - a potion of berserk rage {unknown}


   Skills:
 + Level 4.4 Fighting
 + Level 3.4 Axes
 + Level 4.4 Armour
 + Level 4.4 Shields


You had 3 spell levels left.
You didn't know any spells.
Your spell library contained the following spells:

 Spells                   Type           Power      Damage    Failure   Level
 Magic Dart               Conj           0%         1d3       100%        1
 Call Imp                 Summ           0%         N/A       100%        2
 Cigotuvi's Dreadful Rot  Necr/Pois/Air  0%         N/A       100%        2
 Ignite Poison            Fire/Tmut/Pois 0%         N/A       100%        3
 Mephitic Cloud           Conj/Pois/Air  0%         N/A       100%        3
 Freezing Cloud           Conj/Ice/Air   0%         6-21      100%        5


Dungeon Overview and Level Annotations

Branches:
Dungeon (3/15)

Altars:
Ashenzari
Nemelex Xobeh
Yredelemnul

Shops:
D:1 ?


Innate Abilities, Weirdness & Mutations

You have a pair of horns on your head.
You reflexively headbutt those who attack you in melee.


Message History

The orc priest closely misses you. You block the orc priest's attack.
The orc wizard hits you but does no damage.
You closely miss the orc wizard.
The orc wizard is moderately wounded.
You hit the orc priest.
The orc wizard hits you but does no damage.
The orc priest hits you with a +0 mace.
You miss the orc wizard.
The orc wizard is moderately wounded.
You hit the orc priest.
The orc wizard hits you with a +0 dagger.
The orc priest hits you but does no damage.
You block the orc priest's attack.
The orc wizard gestures wildly while chanting.
The orc wizard flickers and vanishes!
Deactivating autopickup; reactivate with Ctrl-A.
The orc priest hits you with a +0 mace. Something hits you.
You climb upwards.
Reactivating autopickup.
There is a stone staircase leading down here.
You hit the orc priest but do no damage.
The orc priest is severely wounded.
You closely miss something. You block the orc priest's attack.
You hear some strange, mumbled words.
A puff of flame appears from out of thin air!
Deactivating autopickup; reactivate with Ctrl-A.
The puff of flame hits you.
* * * LOW HITPOINT WARNING * * *
You barely miss the orc priest. Your headbutt misses the orc priest.
The orc priest is severely wounded.
You closely miss something.
The orc priest hits you but does no damage.
You hear some strange, mumbled words.
A puff of flame appears from out of thin air!
The puff of flame hits you but does no damage.
You closely miss something. Your headbutt misses something.
You closely miss the orc priest.
The orc priest mumbles some strange prayers to Beogh against you.
Beogh smites you!
You die...

##.#### #.# #.##.#.....# #.#
##+###.##.#.###.# #.#
##...##.##...# #.# #.####
##.....#.####.###.# #.##.###
##........####.....#
#......###..................####
###.......'.....<................
........###.........####...#.####
#####...# ##....@o.## ##.##.#
##..# ##...{.## ####.# #####..#
##...## #.# #.)....# ##+## #.#
#.###.## #.# #.# # #.#
#.########.# #.# #
##.###..........## #.# #
.......#######...## ########.#
##.###.# ####.....###........#


You could see an orc priest.

Vanquished Creatures
  3 adders (D:2)
  2 dart slugs (D:1)
  An orc (D:3)
  10 bats
  7 endoplasms
  3 goblins (D:2)
  9 hobgoblins
  5 quokkas
  3 ball pythons
  2 frilled lizards (D:2)
  4 kobolds
  2 rats (D:1)
51 creatures vanquished.

Notes
Turn   | Place    | Note
-------+----------+-------------------------------------------
     0 | D:1      | bmack86 the Minotaur Fighter began the quest for the Orb.
     0 | D:1      | Reached XP level 1. HP: 19/19 MP: 0/0
    91 | D:1      | Reached XP level 2. HP: 27/27 MP: 1/1
   248 | D:1      | Reached XP level 3. HP: 27/33 MP: 2/2
   434 | D:1      | Found Vedoos's Magic Scroll Emporium.
   437 | D:1      | Bought a scroll of identify for 22 gold pieces
   518 | D:2      | Found a sparkling altar of Nemelex Xobeh.
   946 | D:2      | Reached XP level 4. HP: 37/40 MP: 3/3
  1480 | D:3      | Found a broken altar of Ashenzari.
  1532 | D:3      | Found a basalt altar of Yredelemnul.
  1554 | D:2      | Killed from afar by an orc priest

Illustrated notes

Levels and vault maps discovered:
D:1:      shiori_arrival_maze, layout_rooms, serial_shops,
          nicolae_shop_behind_doors
D:2:      layout_loops_corners, basic_altar
D:3:      layout_loops_ring, marbit_many_paths,
          mainiacjoe_overflow_cross_hatched, kennysheep_flooded_box,
          lightli_corner_chamber

Skill      XL: |  1  2 |
---------------+-------+-----
Shields        | 4 |  4.4
Fighting       | 4 |  4.4
Armour         | 4 |  4.4
Axes           | 3 |  3.4

Action                     |  1- 3 |  4- 6 || total
---------------------------+-------+-------++-------
  Melee: War axe           |    61 |    37 ||    98
         Headbutt          |     6 |     2 ||     8
    Use: Scroll            |     1 |       ||     1
 Armour: Scale mail        |    35 |       ||    35
         Plate armour      |     4 |    35 ||    39
  Dodge: Dodged            |    48 |    12 ||    60
  Block: Buckler           |    19 |     2 ||    21
         Kite shield       |       |    10 ||    10
